 Seeded DCSS version 0.27.1-2-g3b301248ec (webtiles) character file.

Game seed: 14551798346683263451 (custom seed)

617 babuloseo the Shooter (level 7, -5/54 HPs)
             Began as a Human Hunter on Sept 30, 2021.
             Was an Initiate of the Shining One.
             Killed by vampiric draining
             ... invoked by a vampire
              (16 damage)
             ... on level 5 of the Dungeon.
             The game lasted 00:05:49 (4646 turns).

babuloseo the Shooter (Human Hunter)                Turns: 4646, Time: 00:05:49

Health: -5/54      AC:  9    Str: 13    XL:     7   Next: 74%
Magic:  7/7        EV: 12    Int: 12    God:    the Shining One [......]
Gold:   130        SH:  0    Dex: 14    Spells: 4/6 levels left

rFire    + . .     SeeInvis .   f - +8 lance "Wyrmbane" {slay drac, rPois rF+ rC+ AC+3}
rCold    + . .     Faith    .   (no shield)
rNeg     . . .     Spirit   .   i - +0 ring mail
rPois    +         Reflect  .   (no helmet)
rElec    .         Harm     .   w - +0 cloak
rCorr    .         Rampage  .   (no gloves)
Will     .....                  (no boots)
Stlth    +.........             (no amulet)
HPRegen  0.18/turn              (no ring)
MPRegen  0.10/turn              (no ring)

@: attractive, glowing
A: no striking features
a: Renounce Religion


You were on level 5 of the Dungeon.
You worshipped the Shining One.
The Shining One was noncommittal.
You visited 2 branches of the dungeon, and saw 6 of its levels.

You collected 130 gold pieces.

Inventory:

Hand Weapons
 a - a +1 shortbow
 b - a +0 short sword
 f - the +8 lance "Wyrmbane" (weapon) {slay drac, rPois rF+ rC+ AC+3}
   (You acquired it on level 2 of the Dungeon)

   It inflicts extra damage against dragons and draconians.
   AC:        It affects your AC (+3).
   rF:        It protects you from fire.
   rC:        It protects you from cold.
   rPois:     It protects you from poison.
 s - the +7 spear of Untimely Demise {antimagic, rCorr}
   (You found it on level 4 of the Dungeon)

   It reduces the magical energy of the wielder, and disrupts the spells and
   magical abilities of those it strikes.
   Natural abilities and divine invocations are not affected.
   rCorr:     It protects you from acid and corrosion.
Missiles
 d - 65 arrows
 h - 8 javelins (quivered)
Armour
 c - a +0 leather armour
 i - a +0 ring mail (worn)
 n - a +0 cloak
 w - a +0 cloak (worn)
Jewellery
 t - a ring of fire
Scrolls
 g - a scroll of magic mapping {unknown}
 k - 4 scrolls of identify {unknown}
 l - 2 scrolls of enchant armour {unknown}
 m - a scroll of torment {unknown}
 r - 2 scrolls of blinking {unknown}
 x - a scroll of teleportation {unknown}
Potions
 e - a potion of ambrosia {unknown}
 j - a potion of brilliance {unknown}
 o - a potion of degeneration {unknown}
 q - 2 potions of attraction
 u - a potion of mutation {unknown}
 v - a potion of heal wounds {unknown}


   Skills:
 + Level 4.1 Fighting
 * Level 4.7 Polearms
 - Level 4.7 Bows
 + Level 4.3 Dodging
 - Level 1.0 Stealth


You had 4 spell levels left.
You knew the following spells:

 Your Spells              Type           Power      Damage    Failure   Level
a - Searing Ray           Conj           0%         3d3       73%         2

Your spell library contained the following spells:

 Spells                   Type           Power      Damage    Failure   Level
 Magic Dart               Conj           0%         1d3       58%         1
 Call Imp                 Summ           0%         N/A       73%         2
 Mephitic Cloud           Conj/Pois/Air  0%         N/A       91%         3
 Fulminant Prism          Conj/Hex       0%         3d6       100%        4


Dungeon Overview and Level Annotations

Branches:
Dungeon (5/15)             Temple (1/1) D:5

Altars:
Ashenzari
Dithmenos
Elyvilon
Gozag
Okawaru
Qazlal
Wu Jian
Yredelemnul
Zin
The Shining One


Message History

The vampire is moderately damaged.
The vampire hits you!
The vampire bites you but does no damage.
The orc hits you but does no damage. The orc hits you with a +0 short sword.
You puncture the vampire!
The vampire is heavily damaged.
The vampire completely misses you. The vampire barely misses you.
Your ring mail prevents you from hitting the vampire.
The vampire is heavily damaged.
The vampire misses you.
The vampire bites you but does no damage.
The orc hits you with a +1 vorpal war axe.
The orc hits you but does no damage.
You puncture the vampire!
The vampire is severely damaged.
The orc misses you. The vampire hits you. The vampire bites you.
* * * LOW HITPOINT WARNING * * *
The vampire draws strength from your injuries!
The orc barely misses you.
It was a potion of attraction.
You feel attractive to monsters. The orc closely misses you.
The orc misses you. The orc closely misses you.
The vampire hits you but does no damage.
The vampire barely misses you. The orc barely misses you.
You feel better. The orc closely misses you. x3
The vampire casts a spell.
The vampire flickers and vanishes!
Deactivating autopickup; reactivate with Ctrl-A.
The orc closely misses you.
You puncture something! The orc barely misses you.
The orc hits you with a +0 flail. The orc hits you but does no damage.
Something hits you. Something bites you.
* * * LOW HITPOINT WARNING * * *
Something draws strength from your injuries!
The orc barely misses you.
You hit something. The orc hits you with a +0 short sword.
* * * LOW HITPOINT WARNING * * *
The orc closely misses you. The orc barely misses you.
Something draws life force from you!
You die...

#...##....8.8.8..#.
#...#####........#.
#....#...........#.
#....#...........#.
#...##.....##....'.
#...####'####....#.
#...#......#.....#.
#...##....[#.....#.
#o@o##.....#.....#<
#o{o#########....#.
#...# #...##.
#..... #... #.
#....... #.
#...##### #. #...#
#. #.... #. #....
#.


You could see 4 orcs.

Vanquished Creatures
  A necrophage (D:4)
  An ogre (D:5)
  A kobold brigand (D:5)
  2 orc priests (D:5)
  Crazy Yiuf (D:2)
  5 orc wizards (D:5)
  2 iguanas
  2 adders
  2 adder skeletons (D:4)
  3 worms
  2 dart slugs
  12 orcs
  2 bats
  3 endoplasms
  A giant cockroach (D:1)
  5 goblins
  13 hobgoblins
  3 jackals (D:4)
  7 kobolds
  A quokka (D:2)
  6 ball pythons
  2 frilled lizards (D:1)
  3 rats (D:2)
80 creatures vanquished.

Notes
Turn   | Place    | Note
-------+----------+-------------------------------------------
     0 | D:1      | babuloseo the Human Hunter began the quest for the Orb.
     0 | D:1      | Reached XP level 1. HP: 16/16 MP: 1/1
   273 | D:1      | Reached XP level 2. HP: 18/22 MP: 2/2
   896 | D:2      | Found a stormy altar of Qazlal.
   901 | D:2      | Reached XP level 3. HP: 24/27 MP: 3/3
  1107 | D:2      | Learned a level 2 spell: Searing Ray
  1291 | D:2      | Identified a scroll of acquirement
  1291 | D:2      | Acquired the +8 lance "Wyrmbane" {slay drac, rPois rF+ rC+
                  | AC+3}
  1291 | D:2      | Found the +8 lance "Wyrmbane" {slay drac, rPois rF+ rC+
                  | AC+3}
  1364 | D:2      | Found a runed translucent door.
  1365 | D:2      | Noticed Crazy Yiuf
  1543 | D:3      | Reached XP level 4. HP: 34/34 MP: 4/4
  1614 | D:3      | Found a faded altar of an unknown god.
  2015 | D:3      | Found an opulent altar of Gozag.
  2201 | D:4      | Reached skill level 1 in Polearms
  2369 | D:4      | Identified the +7 spear of Untimely Demise {antimagic,
                  | rCorr}
  2369 | D:4      | Noticed a necrophage
  2374 | D:4      | Killed a necrophage
  2375 | D:4      | Reached XP level 5. HP: 39/41 MP: 5/5
  2428 | D:4      | Found a glowing silver altar of Zin.
  2530 | D:4      | Found a white marble altar of Elyvilon.
  2632 | D:4      | Reached XP level 6. HP: 26/47 MP: 6/6
  2966 | D:4      | Found an ornate altar of the Wu Jian Council.
  3402 | D:2      | Killed Crazy Yiuf
  3516 | D:5      | Entered Level 5 of the Dungeon
  3553 | D:5      | Noticed a +0 hand axe
  3553 | D:5      | Noticed a +0 dagger
  3558 | D:5      | Noticed an ogre
  3767 | D:5      | Killed an ogre
  3768 | D:5      | Reached XP level 7. HP: 5/53 MP: 7/7
  4171 | D:5      | Found a broken altar of Ashenzari.
  4436 | D:5      | Found a shadowy altar of Dithmenos.
  4457 | D:5      | Found a staircase to the Ecumenical Temple.
  4474 | Temple   | Entered the Ecumenical Temple
  4535 | Temple   | Became a worshipper of the Shining One
  4627 | D:5      | Noticed a vampire
  4646 | D:5      | Killed from afar by a vampire

Illustrated notes

Levels and vault maps discovered:
D:1:      lemuel_arrival_river_bridge, layout_rooms
D:2:      layout_loops_cross, basic_altar, serial_shops, shop,
          minmay_goblin_kobold_house, uniq_crazy_yiuf_cottage, uniq_robin
D:3:      layout_basic, grunt_gozag_breadcrumbs,
          hellmonk_ecumenical_altar_heavens_door
D:4:      layout_loops_ring, zin_treasury, elyvilon_altar_3,
          nzn_wu_jian_contemplation, serial_co_window_serial,
          co_window_corner_a, co_window_corner_a, co_window_of_opportunity_a,
          co_window_corner_a, co_window_paths_a, co_window_corner_b,
          co_window_paths_c, co_window_2corner, co_window_paths_c,
          co_window_of_opportunity_b, co_window_of_opportunity_c,
          co_window_of_opportunity_c, glass_columns_a, glass_columns_c
D:5:      layout_gridville, dancing_weapons_uskayaw, ashenzari_altar_1,
          kennysheep_mini_moat, minmay_temple_entry_statues_fountains,
          serial_shops, nicolae_shop_trees, kennysheep_crisscross,
          minmay_circle_x
Temple:   nicolae_temple_figure_zero

Skill      XL: |  1  2  3  4  5  6  7 |
---------------+----------------------+-----
Polearms       | 2 4 |  4.7
Fighting       | 3 4 |  4.1
Dodging        | 3 4 |  4.3
Bows           | |  4.7
Stealth        | |  1.0

Action                   |  1- 3 |  4- 6 |  7- 9 || total
-------------------------+-------+-------+-------++-------
Melee: Short sword       |    29 |       |       ||    29
       Dagger            |    47 |       |       ||    47
       Lance             |     5 |    81 |    63 ||   149
 Fire: Shortbow          |     2 |       |       ||     2
Throw: Javelin           |     2 |       |       ||     2
  Use: Scroll            |     1 |       |       ||     1
       Potion            |       |       |     3 ||     3
 Stab: Sleeping          |     2 |       |       ||     2
Armor: Leather armour    |     5 |       |       ||     5
       Ring mail         |     5 |    17 |    22 ||    44
Dodge: Dodged            |    46 |    24 |    46 ||   116
